 Dungeon Crawl Stone Soup version 0.17.1-3-g152610e (webtiles) character file.

43 kaze the Skirmisher (level 3, 0/24 HPs)
             Began as a Gargoyle Berserker on Mar 12, 2016.
             Was a Believer of Trog.
             Slain by a goblin
             ... wielding a +0 dagger
             ... led by Robin
              (3 damage)
             ... on level 4 of the Dungeon.
             The game lasted 00:02:25 (1401 turns).

kaze the Skirmisher (Gargoyle Berserker)            Turns: 1401, Time: 00:02:25

Health: 0/24       AC:  8    Str: 21    XL:     3   Next: 58%
Magic:  3/3        EV: 11    Int:  7    God:    Trog [**....]
Gold:   85         SH:  0    Dex:  9    Spells: 0 memorised, 2 levels left

rFire  . . .     SeeInvis .     a - +0 mace
rCold  . . .     Clarity  .     e - +0 ring mail
rNeg   + . .     SustAt   .     (no shield)
rPois  ∞         Gourm    .     (no helmet)
rElec  +         Spirit   .     (no cloak)
rCorr  .         Warding  .     (no gloves)
rMut   .         Stasis   .     (no boots)
MR     .....                    (no amulet)
Stlth  ..........               (no ring)
                                (no ring)

@: exhausted, slowed, very slow, not resistant to hostile enchantments,
extremely unstealthy
A: negative energy resistance 1, electricity resistance, unbreathing,
petrification resistance, rot immunity, AC +3
a: Berserk, Trog's Hand, Burn Spellbooks, Renounce Religion


You were on level 4 of the Dungeon.
You worshipped Trog.
Trog was pleased with you.
You were hungry.

You visited 1 branch of the dungeon, and saw 3 of its levels.

You collected 85 gold pieces.

Inventory:

Hand Weapons
 a - a +0 mace (weapon)
Armour
 e - a +0 ring mail (worn)
Wands
 g - a wand of enslavement (12)
Scrolls
 b - a scroll of amnesia {unknown}
 d - a scroll of noise {unknown}
 h - a scroll of random uselessness {unknown}
 i - a scroll of identify {unknown}
Potions
 f - a potion of heal wounds {unknown}
 j - a potion of cancellation {unknown}
Comestibles
 c - 2 bread rations


   Skills:
 + Level 3.9 Fighting
 + Level 3.4 Maces & Flails
 + Level 2.6 Armour
 + Level 1.9 Dodging
 + Level 0.2 Stealth


You had 2 spell levels left.
You didn't know any spells.

Dungeon Overview and Level Annotations

Branches:
Dungeon (4/15)
 Temple: D:4-7

Altars:
Dithmenos
Gozag
Kikubaaqudgha

Annotations:
D:4 Robin


Innate Abilities, Weirdness & Mutations

You are resistant to torment.
Your stone body is resilient (AC +3).
You are immune to poison.
You resist negative energy.
You are resistant to electric shocks.
You can survive without breathing.
You are immune to petrification.
You are immune to rotting.


Message History

The goblin hits you but does no damage. x2
The goblin hits you but does no damage. Robin throws the goblin at you!
The goblin hits you but does no damage. The goblin barely misses you.
Robin roars a battlecry!
The goblins go into a battle-frenzy!
The goblin hits you.
* * * LOW HITPOINT WARNING * * *
The goblin hits you but does no damage. x2
Found 18 stones.
The goblin barely misses you. Robin throws the goblin at you!
The goblin barely misses you. The goblin closely misses you.
Found 3 fruits.
You hit the goblin.
You kill the goblin!
Trog accepts your kill.
The goblin hits you but does no damage. x2
Robin barely misses you.
You closely miss the goblin. The goblin hits you with a dagger.
You die...

......#.....#
......#.....#
#....).....#
#....#.....#
#.... #.....#
#... #.....#
#.. #g....#
#######g....#
#.....@†....#
#......g....#
#...........#
#...........#
#.(.........#
#...........#
#...........#
#%..........#


You could see Robin and 2 goblins.

Vanquished Creatures
  A worm (D:2)
  2 bats (D:1)
  7 goblins (D:4)
  5 hobgoblins
  6 jackals
  3 kobolds
  A quokka (D:2)
  2 giant cockroaches
  3 giant newts
  6 rats
36 creatures vanquished.

Notes
Turn   | Place    | Note
--------------------------------------------------------------
     0 | D:1      | kaze the Gargoyle Berserker began the quest for the Orb.
     0 | D:1      | Reached XP level 1. HP: 14/14 MP: 1/1
   183 | D:1      | Reached XP level 2. HP: 13/19 MP: 2/2
   974 | D:2      | Found an ancient bone altar of Kikubaaqudgha.
   987 | D:2      | Reached XP level 3. HP: 20/24 MP: 3/3
  1040 | D:2      | Found an opulent altar of Gozag.
  1144 | D:2      | Found a shadowy altar of Dithmenos.
  1148 | D:2      | Reached ** piety under Trog
  1368 | D:2      | You fall through a shaft for 2 floors!
  1371 | D:4      | Noticed Robin
  1401 | D:4      | Slain by a goblin

Action                   || total
-------------------------++-------
Melee: Mace              ||   120
Invok: Berserk           ||     1
  Eat: Chunk             ||     2
